3AA
BILLINGS POLAR BEARS @ OTTAWA NATIONALS
07/03/2022
 
TOP OF THE 1ST
Billings Polar Bears batting - Pitching for Ottawa Nationals : RHP Ángelo Cabrera
Pitching: RHP Ángelo Cabrera
Batting: RHB Raúl Delgado 0-0: Called Strike
0-1: Called Strike
0-2: SINGLE (Groundball, 6MD)
Batting: LHB Qi-zhen Loong 0-0: Called Strike
0-1: Foul Ball, location: 2F
0-2: Hit by Pitch
Raúl Delgado to second
Batting: RHB Gerardo Castillo 0-0: Ball
1-0: Ball
2-0: Called Strike
2-1: Called Strike
2-2: Foul Ball, location: 2F
2-2: Strikes out swinging
Batting: RHB Will Robinson 0-0: Ball
1-0: Ball
2-0: Fly out, F9 (Flyball, 9S)
Batting: SHB Juan Brito 0-0: Fly out, F8 (Flyball, 8RM)
Top of the 1st over - 0 run(s), 1 hit(s), 0 error(s), 2 left on base; Billings 0 - Ottawa 0
BOTTOM OF THE 1ST
Ottawa Nationals batting - Pitching for Billings Polar Bears : LHP Jim Unknown
Pitching: LHP Jim Unknown
Batting: RHB Rodrigo Pagán 0-0: Called Strike
0-1: Fly out, F9 (Line Drive, 9M)
Batting: RHB Anthony Trujillo 0-0: Foul Ball, location: 2F
0-1: Foul Ball, location: 2F
0-2: SINGLE (Groundball, 4MD)
Batting: LHB Tony Ríos 0-0: Foul Ball, location: 2F
0-1: Called Strike
0-2: Foul Ball, location: 2F
0-2: Grounds into double play, 4-6-3 (Groundball, 4)
Bottom of the 1st over - 0 run(s), 1 hit(s), 0 error(s), 0 left on base; Billings 0 - Ottawa 0
TOP OF THE 2ND
Billings Polar Bears batting - Pitching for Ottawa Nationals : RHP Ángelo Cabrera
Batting: RHB Jeremy Murphy 0-0: Foul Ball, location: 2F
0-1: Called Strike
0-2: Ball
1-2: Foul Ball, location: 2F
1-2: Ball
2-2: SINGLE (Flyball, 89S)
Batting: LHB Jesús Reyes 0-0: Swinging Strike
0-1: Ball
1-1: Foul Ball, location: 2F
1-2: Foul Ball, location: 2F
1-2: Foul Ball, location: 2F
1-2: Ball
2-2: Ball
3-2: Foul Ball, location: 2F
3-2: Fly out, F8 (Flyball, 8LXD)
Runner from 1st tags up, SAFE at 2nd
Batting: RHB Félix Aguilar 0-0: Ground out 6-3 (Groundball, 6M)
Jeremy Murphy to third
Batting: RHB Rubén Marino 0-0: Ball
1-0: Ball
2-0: Ball
3-0: Called Strike
3-1: Base on Balls
Batting: RHB Raúl Delgado 0-0: Ball
1-0: Ball
2-0: Fly out, F9 (Line Drive, 9S)
Top of the 2nd over - 0 run(s), 1 hit(s), 0 error(s), 2 left on base; Billings 0 - Ottawa 0
BOTTOM OF THE 2ND
Ottawa Nationals batting - Pitching for Billings Polar Bears : LHP Jim Unknown
Batting: RHB Dirk Davis 0-0: SINGLE (Groundball, 4M)
Batting: RHB José Icaza 0-0: Called Strike
0-1: Called Strike
0-2: Ground out 3-1 (Groundball, 34)
Dirk Davis to second
Batting: RHB Patrick Samuels 0-0: Ground out 3-1 (Groundball, 34S)
Dirk Davis to third
Batting: LHB Javier Hernández 0-0: Called Strike
0-1: Called Strike
0-2: Foul Ball, location: 2F
0-2: Ball
1-2: Foul Ball, location: 2F
1-2: Strikes out swinging
Bottom of the 2nd over - 0 run(s), 1 hit(s), 0 error(s), 1 left on base; Billings 0 - Ottawa 0
TOP OF THE 3RD
Billings Polar Bears batting - Pitching for Ottawa Nationals : RHP Ángelo Cabrera
Batting: LHB Qi-zhen Loong 0-0: Ball
1-0: Ball
2-0: SINGLE (Groundball, 34D)
Batting: RHB Gerardo Castillo 0-0: Called Strike
0-1: Swinging Strike
0-2: Strikes out looking
Batting: RHB Will Robinson 0-0: Called Strike
0-1: Swinging Strike
0-2: Ball
1-2: Ball
2-2: Grounds into double play, 4-6-3 (Groundball, 34)
Top of the 3rd over - 0 run(s), 1 hit(s), 0 error(s), 0 left on base; Billings 0 - Ottawa 0
BOTTOM OF THE 3RD
Ottawa Nationals batting - Pitching for Billings Polar Bears : LHP Jim Unknown
Batting: RHB Dan Curtis 0-0: Called Strike
0-1: Ball
1-1: Ball
2-1: Foul Ball, location: 2F
2-2: Strikes out swinging
Batting: RHB Francisco Morales 0-0: Foul Ball, location: 2F
0-1: Ball
1-1: Swinging Strike
1-2: Ball
2-2: Foul Ball, location: 2F
2-2: Strikes out looking
Batting: RHB Rodrigo Pagán 0-0: Ball
1-0: Bunt missed!
1-1: Called Strike
1-2: Strikes out swinging
Bottom of the 3rd over - 0 run(s), 0 hit(s), 0 error(s), 0 left on base; Billings 0 - Ottawa 0
TOP OF THE 4TH
Billings Polar Bears batting - Pitching for Ottawa Nationals : RHP Ángelo Cabrera
Batting: SHB Juan Brito 0-0: Called Strike
0-1: Ball
1-1: Ball
2-1: Swinging Strike
2-2: Foul Ball, location: 2F
2-2: Strikes out swinging
Batting: RHB Jeremy Murphy 0-0: Ball
1-0: SINGLE (Line Drive, 4M)
Batting: LHB Jesús Reyes 0-0: Ball
1-0: Ball
2-0: Ball
3-0: Called Strike
3-1: Swinging Strike
3-2: Fly out, F8 (Line Drive, 8RM)
Batting: RHB Félix Aguilar 0-0: SINGLE (Line Drive, 56D)
Jeremy Murphy to second
Batting: RHB Rubén Marino 0-0: Foul Ball, location: 2F
0-1: Swinging Strike
0-2: Ball
1-2: Ball
2-2: Ground out U3 (Groundball, 3S)
Top of the 4th over - 0 run(s), 2 hit(s), 0 error(s), 2 left on base; Billings 0 - Ottawa 0
BOTTOM OF THE 4TH
Ottawa Nationals batting - Pitching for Billings Polar Bears : LHP Jim Unknown
Batting: RHB Anthony Trujillo 0-0: Called Strike
0-1: Ball
1-1: Ground out 6-3 (Groundball, 6)
Batting: LHB Tony Ríos 0-0: Called Strike
0-1: Called Strike
0-2: Fly out, F8 (Flyball, 8LM)
Batting: RHB Dirk Davis 0-0: SINGLE (Line Drive, 7S)
Batting: RHB José Icaza 0-0: Called Strike
0-1: Foul Ball, location: 2F
0-2: Foul Ball, location: 2F
0-2: Strikes out swinging
Bottom of the 4th over - 0 run(s), 1 hit(s), 0 error(s), 1 left on base; Billings 0 - Ottawa 0
TOP OF THE 5TH
Billings Polar Bears batting - Pitching for Ottawa Nationals : RHP Ángelo Cabrera
Batting: RHB Raúl Delgado 0-0: Ball
1-0: Foul Ball, location: 2F
1-1: Fly out, F7 (Line Drive, 7M)
Batting: LHB Qi-zhen Loong 0-0: Foul Ball, location: 2F
0-1: Ball
1-1: Ball
2-1: Swinging Strike
2-2: Ball
3-2: DOUBLE (Line Drive, 7LM)
Batting: RHB Gerardo Castillo 0-0: Called Strike
0-1: Ball
1-1: Swinging Strike
1-2: Fly out, F7 (Line Drive, 7LS)
Batting: RHB Will Robinson 0-0: Called Strike
0-1: Ball
1-1: Ball
2-1: Fly out, F9 (Line Drive, 9S)
Top of the 5th over - 0 run(s), 1 hit(s), 0 error(s), 1 left on base; Billings 0 - Ottawa 0
BOTTOM OF THE 5TH
Ottawa Nationals batting - Pitching for Billings Polar Bears : LHP Jim Unknown
Batting: RHB Patrick Samuels 0-0: Called Strike
0-1: Ball
1-1: Foul Ball, location: 2F
1-2: Ball
2-2: Strikes out looking
Batting: LHB Javier Hernández 0-0: Ball
1-0: Called Strike
1-1: Swinging Strike
1-2: Ball
2-2: Fly out, F2 (Popup, 2LF)
Batting: RHB Dan Curtis 0-0: Ball
1-0: Ball
2-0: Ball
3-0: Base on Balls
Batting: RHB Francisco Morales 0-0: Ball
1-0: Called Strike
Throwing error on steal attempt, E2
Dan Curtis to third
1-1: Ball
2-1: Fly out, F9 (Flyball, 89M)
Bottom of the 5th over - 0 run(s), 0 hit(s), 1 error(s), 1 left on base; Billings 0 - Ottawa 0
TOP OF THE 6TH
Billings Polar Bears batting - Pitching for Ottawa Nationals : RHP Ángelo Cabrera
Batting: SHB Juan Brito 0-0: Called Strike
0-1: Swinging Strike
0-2: Ball
1-2: Foul Ball, location: 2F
1-2: Hit by Pitch
Batting: RHB Jeremy Murphy 0-0: Fly out, F7 (Flyball, 7D)
Batting: LHB Jesús Reyes 0-0: Ball
1-0: Ball
2-0: Ball
3-0: Called Strike
3-1: SINGLE (Line Drive, 4MD)
Juan Brito to second
Batting: RHB Félix Aguilar 0-0: Called Strike
0-1: Called Strike
0-2: Strikes out swinging
Pitching: RHP Mike Lane
Batting: RHB Rubén Marino 0-0: Called Strike
0-1: Ball
1-1: Ball
2-1: Fielders Choice at 2nd, 6-4 (Groundball, 6)
Top of the 6th over - 0 run(s), 1 hit(s), 0 error(s), 1 left on base; Billings 0 - Ottawa 0
BOTTOM OF THE 6TH
Ottawa Nationals batting - Pitching for Billings Polar Bears : LHP Jim Unknown
Batting: RHB Rodrigo Pagán 0-0: Foul Ball, location: 2F
0-1: Ground out 4-3 (Groundball, 4M)
Batting: RHB Anthony Trujillo 0-0: Ball
1-0: Called Strike
1-1: Ball
2-1: Called Strike
2-2: Fly out, F9 (Flyball, 89XD)
Batting: LHB Tony Ríos 0-0: Fly out, F8 (Line Drive, 8RM)
Bottom of the 6th over - 0 run(s), 0 hit(s), 0 error(s), 0 left on base; Billings 0 - Ottawa 0
TOP OF THE 7TH
Billings Polar Bears batting - Pitching for Ottawa Nationals : RHP Mike Lane
Batting: RHB Raúl Delgado 0-0: Ball
1-0: Ball
2-0: Foul Ball, location: 2F
2-1: SINGLE (Groundball, 34)
Batting: LHB Qi-zhen Loong 0-0: SINGLE (Line Drive, 7LM)
Raúl Delgado to second
Batting: RHB Gerardo Castillo 0-0: Foul Ball, location: 2F
0-1: Called Strike
0-2: Strikes out looking
Batting: RHB Will Robinson 0-0: Called Strike
0-1: Ball
1-1: Called Strike
1-2: Strikes out swinging
Batting: SHB Juan Brito 0-0: Called Strike
0-1: Foul Ball, location: 2F
0-2: Fly out, F7 (Flyball, 7M)
Top of the 7th over - 0 run(s), 2 hit(s), 0 error(s), 2 left on base; Billings 0 - Ottawa 0
BOTTOM OF THE 7TH
Ottawa Nationals batting - Pitching for Billings Polar Bears : LHP Jim Unknown
Batting: RHB Dirk Davis 0-0: Ball
1-0: Ground out 5-3 (Groundball, 56)
Batting: RHB José Icaza 0-0: Ball
1-0: Fly out, F8 (Flyball, 8RM)
Batting: RHB Patrick Samuels 0-0: Called Strike
0-1: Called Strike
0-2: Ground out 4-3 (Groundball, 4M)
Bottom of the 7th over - 0 run(s), 0 hit(s), 0 error(s), 0 left on base; Billings 0 - Ottawa 0
TOP OF THE 8TH
Billings Polar Bears batting - Pitching for Ottawa Nationals : RHP Mike Lane
Batting: RHB Jeremy Murphy 0-0: Ball
1-0: Foul Ball, location: 2F
1-1: Ball
2-1: Fly out, F9 (Flyball, 9LM)
Batting: LHB Jesús Reyes 0-0: Ball
1-0: Foul Ball, location: 2F
1-1: Ball
2-1: Foul Ball, location: 2F
2-2: Strikes out swinging
Batting: RHB Félix Aguilar 0-0: Fly out, F9 (Line Drive, 89M)
Top of the 8th over - 0 run(s), 0 hit(s), 0 error(s), 0 left on base; Billings 0 - Ottawa 0
BOTTOM OF THE 8TH
Ottawa Nationals batting - Pitching for Billings Polar Bears : LHP Jim Unknown
Pinch Hitting: RHB Noel Wells 0-0: Ball
1-0: Ball
2-0: Called Strike
2-1: Foul Ball, location: 2F
2-2: Ball
3-2: Strikes out swinging
Batting: RHB Dan Curtis 0-0: Ball
1-0: Ball
2-0: Hit by Pitch
Batting: RHB Francisco Morales 0-0: Ball
1-0: Ball
2-0: Ball
3-0: Foul Ball, location: 2F
3-1: Called Strike
3-2: SINGLE (Line Drive, 34D)
Dan Curtis to second
Batting: RHB Rodrigo Pagán 0-0: Foul Ball, location: 2F
0-1: Foul Ball, location: 2F
0-2: Ground out 5-3 (Groundball, 5S)
Dan Curtis to third
Francisco Morales to second
Batting: RHB Anthony Trujillo 0-0: Ball
1-0: Foul Ball, location: 2F
1-1: Ball
2-1: Foul Ball, location: 2F
2-2: DOUBLE (Flyball, 7LM)
Dan Curtis scores
Francisco Morales scores
Batting: LHB Tony Ríos 0-0: Ball
1-0: Called Strike
1-1: SINGLE (Groundball, 4MD)
Anthony Trujillo to third
Runner from 3rd tries for Home, SAFE, no throw or cutoff
Pitching: RHP Jim Unknown
Batting: RHB Dirk Davis 0-0: Ball
1-0: DOUBLE (Line Drive, 89S)
Tony Ríos to third
Runner from 3rd tries for Home, SAFE, no throw or cutoff
Batting: RHB José Icaza 0-0: Ball
1-0: Foul Ball, location: 2F
1-1: Called Strike
1-2: Foul Ball, location: 2F
1-2: SINGLE (Line Drive, 4M)
Dirk Davis to third
Runner from 3rd tries for Home, SAFE, throw made home
Batting: RHB Patrick Samuels 0-0: Ball
1-0: SINGLE (Line Drive, 9M)
José Icaza to second
Batting: RHB Noel Wells 0-0: Ball
1-0: Foul Ball, location: 2F
1-1: Ball
2-1: Ground out 5-3 (Groundball, 5L)
Bottom of the 8th over - 5 run(s), 6 hit(s), 0 error(s), 2 left on base; Billings 0 - Ottawa 5
TOP OF THE 9TH
Billings Polar Bears batting - Pitching for Ottawa Nationals : RHP Mike Lane
Now at 1B: Jerry Burnett
Now at SS: Dave Sherman
Batting: RHB Rubén Marino 0-0: Ball
1-0: Foul Ball, location: 2F
1-1: Swinging Strike
1-2: Ball
2-2: Ball
3-2: Base on Balls
Batting: RHB Raúl Delgado 0-0: SINGLE (Line Drive, 56)
Rubén Marino to second
Batting: LHB Qi-zhen Loong 0-0: Ball
1-0: Fly out, F8 (Flyball, 8RS)
Batting: RHB Gerardo Castillo 0-0: DOUBLE (Line Drive, 89M)
Rubén Marino scores
Raúl Delgado to third
Runner from 3rd tries for Home, SAFE, no throw or cutoff
Pitching: RHP Edwin Ellis
Batting: RHB Will Robinson 0-0: Foul Ball, location: 2F
0-1: Ball
1-1: Called Strike
1-2: SINGLE (Groundball, 34D)
Gerardo Castillo to third
Runner from 3rd tries for Home, SAFE, throw made home
Will Robinson to second
Batting: SHB Juan Brito 0-0: Ball
1-0: Ball
2-0: Ball
3-0: Called Strike
3-1: Base on Balls
Batting: RHB Jeremy Murphy 0-0: Ball
1-0: Foul Ball, location: 2F
1-1: Foul Ball, location: 2F
1-2: Ball
Wild Pitch!
Will Robinson to third
Juan Brito to second
2-2: Ball
3-2: Base on Balls
Batting: LHB Jesús Reyes 0-0: Fly out, F8 (Flyball, 8RM)
Runner from 3rd tags up, SCORES, throw made
Batting: RHB Félix Aguilar 0-0: Fielders Choice at 2nd, U6 (Groundball, 6M)
Top of the 9th over - 4 run(s), 3 hit(s), 0 error(s), 2 left on base; Billings 4 - Ottawa 5
This league is powered by Out of the Park Baseball, the baseball management simulation game for PC, Mac and Linux
Friday, April 15th, 2016 - OOTP Baseball 16.9 Build 39